 Dungeon Crawl Stone Soup version 0.20-a0 (webtiles) character file.

161506 dobroeutro the Stickfighter (level 17, -3/137 HPs)
             Began as a Demonspawn Gladiator on Oct 27, 2016.
             Was the Champion of Okawaru.
             Drowned by a drowned soul (15 damage)
             ... summoned by a merfolk avatar
             ... on level 1 of the Shoals.
             The game lasted 00:59:50 (22670 turns).

dobroeutro the Stickfighter (Demonspawn Gladiator) Turns: 22670, Time: 00:59:52

Health: -3/137     AC: 28    Str: 20    XL:     17   Next: 20%
Magic:  17/17      EV: 19    Int: 14    God:    Okawaru [******]
Gold:   320        SH:  2    Dex: 15    Spells: 0 memorised, 16 levels left

rFire  + . .     SeeInvis .     R - +6 lajatang (venom)
rCold  + . .     Gourm    .     M - +5 plate armour of the Cooper {MR+}
rNeg   . . .     Faith    .     (shield currently unavailable)
rPois  .         Spirit   .     l - +2 hat {Int+3}
rElec  .         Reflect  +     p - +0 cloak
rCorr  .         Harm     .     (gloves unavailable)
MR     +++..     Rnd*Rage +     W - +2 pair of boots
Stlth  ..........               J - +2 amulet of reflection
                                u - ring of protection from magic
                                X - +3 ring of evasion

@: mesmerised
A: claws 3, berserk 1, cold resistance 1, fire resistance 1, regeneration 1,
shaggy fur 1, spiny 3, flame cloud immunity, sturdy frame 3
a: Heroism, Finesse, Renounce Religion


You were on level 1 of the Shoals.
You worshipped Okawaru.
Okawaru was exalted by your worship.
You were not hungry.

You visited 5 branches of the dungeon, and saw 25 of its levels.
You also visited: Sewer and Ice Cave.

You collected 3158 gold pieces.
You spent 2838 gold pieces at shops.

Inventory:

Hand Weapons
 a - a +0 quarterstaff of crushing
 R - a +6 lajatang of venom (weapon)
 Z - a +1 quarterstaff of protection
Missiles
 d - a throwing net (quivered)
Armour
 k - a +10 plate armour of ponderousness
 l - a +2 hat of intelligence (worn)
 p - a +0 cloak (worn)
 K - a +1 pair of gloves of strength
 M - the +5 plate armour of the Cooper (worn) {MR+}
   (You found it on level 11 of the Dungeon)

   It affects your resistance to hostile enchantments.
 W - a +2 pair of boots (worn)
Jewellery
 c - an uncursed ring of flight
 j - an uncursed ring of resist corrosion
 u - a ring of protection from magic (right claw)
 J - a +2 amulet of reflection (around neck)
 X - a +3 ring of evasion (left claw)
 Y - an uncursed amulet of regeneration
Wands
 g - a wand of acid (5/15)
 z - a wand of digging (7/24)
 G - a wand of lightning (5/15)
 L - a wand of heal wounds (2/9)
 O - a wand of disintegration (15/24)
 P - a wand of teleportation (5/9)
Scrolls
 b - 9 scrolls of teleportation
 m - 4 scrolls of amnesia
 o - 7 scrolls of remove curse
 x - a scroll of fog
 y - 2 scrolls of recharging
 C - 3 scrolls of identify
 E - 2 scrolls of fear
 I - 3 scrolls of blinking
 S - a scroll of silence
 T - 4 scrolls of enchant armour
Potions
 e - a potion of brilliance
 n - 11 potions of curing
 q - 5 potions of flight
 r - 8 potions of heal wounds
 s - a potion of might
 t - 3 potions of resistance
 w - 7 potions of agility
 A - a potion of magic {unknown}
 B - 2 potions of ambrosia
 D - 2 potions of haste
 F - a potion of cure mutation
 U - 3 potions of berserk rage
 V - 3 potions of mutation
Comestibles
 f - 12 bread rations
 h - 2 slices of pizza
 i - 2 meat rations
 v - 58 fruits
 H - a beef jerky


   Skills:
 + Level 13.4 Fighting
 * Level 16.3 Staves
 - Level 1.7 Throwing
 + Level 12.6 Armour
 + Level 13.2 Dodging


You had 16 spell levels left.
You didn't know any spells.

Dungeon Overview and Level Annotations

Branches:
Dungeon (15/15)            Temple (1/1) D:7            Lair (6/6) D:9
 Shoals (1/4) Lair:2        Snake (0/4) Lair:2        Slime (0/5) Lair:5
    Orc (2/2) D:12            Elf (0/3) Orc:2        Vaults (0/5) D:14
 Depths (0/5) D:15

Altars:
Ashenzari
Cheibriados
Dithmenos
Elyvilon
Fedhas
Gozag
Hepliaklqana
Kikubaaqudgha
Makhleb
Nemelex Xobeh
Okawaru
Qazlal
Ru
Sif Muna
Trog
Uskayaw
Vehumet
Xom
Yredelemnul
Zin
The Shining One
Jiyva

Shops:
D:14 *   Orc:2 (!?[

Annotations:
D:7 varam's ghost, novice TrMo


Innate Abilities, Weirdness & Mutations

You have claws for hands.
Your flesh is heat resistant. (rF+)
You are completely covered in sharp spines.
You are immune to clouds of flame.
Your movements are significantly less encumbered by armour. (ER -6)
You tend to lose your temper in combat.
Your flesh is cold resistant. (rC+)
Your natural rate of healing is unusually fast.
You are covered in fur. (AC +1)


Message History

The pull of its song draws you forwards.
The merfolk avatar chants its luring song.
The merfolk avatar chants its luring song.
You are too injured to fight recklessly!
You slash the drowned soul!
The drowned soul is severely damaged.
The pull of its song draws you forwards.
The drowned soul touches you. The drowned soul drowns you!
* * * LOW HITPOINT WARNING * * *
The merfolk avatar chants its luring song.
You feel better.
The pull of its song draws you forwards.
You enter the shallow water.
Moving in this stuff is going to be slow.
The drowned soul returns to the deep!
The drowned soul is struck by your spines.
The drowned soul touches you. The drowned soul drowns you!
* * * LOW HITPOINT WARNING * * *
The drowned soul touches you. The drowned soul drowns you!
You die...

≈≈≈≈≈≈≈.# #####)).........≈..≈≈
≈≈≈≈≈≈.## #..##().....###.....≈
≈≈≈...## ##...).......# #.....≈
≈≈.....## #...).###....###..≈≈..
.≈......####.≈≈..###.........≈≈≈.
........##...≈≈≈..............≈≈.
.####.####..≈≈≈≈.................
### #.# ##.≈≈≈≈...............≈.
..##### #..≈≈≈≈@...≈.......≈≈≈≈.
...# #..≈≈≈m≈≈≈≈≈.....≈≈≈≈...
...# #..≈≈≈≈≈≈≈.≈...........#
≈≈.# ###..≈≈≈≈≈...≈..#..##.....
≈..# #.....≈≈≈≈W≈≈....)........
..## ####^...≈≈≈≈≈.............
### #### #......≈W......##......
#..###.....[###.....##...###
####......≈≈...##...........# #


You could see a merfolk avatar and 2 drowned souls.

Vanquished Creatures
  Rupert (D:12)
  Gastronok (D:9)
  Agnes (D:14)
  A frost giant (IceCv)
  An orc warlord (Orc:2)
  Josephine (D:11)
  3 fire dragons
  Harold (D:11)
  An ice dragon (D:15)
  9 hydras
  A catoblepas (Lair:4)
  2 centaur warriors
  A merfolk aquamancer (Shoals:1)
  2 dancing weapons (D:14)
  A tengu warrior (D:13)
  10 death yaks
  Urug (D:12)
  Nergalle (Orc:1)
  4 sea snakes (Shoals:1)
  5 unseen horrors
  5 hill giants
  6 lindwurms
  3 orc knights (Orc:2)
  An orc sorcerer (Orc:2)
  2 deep elf magi
  11 ugly things
  4 cyclopes
  4 fauns (Shoals:1)
  6 manticores
  4 black mambas
  2 sirens (Shoals:1)
  Maurice (D:10)
  A water nymph (Shoals:1)
  5 elephants (Lair:5)
  6 torpor snails (Lair:6)
  A gargoyle (D:14)
  5 spiny frogs
  2 centaur skeletons
  A kobold demonologist (D:12)
  2 freezing wraiths (D:12)
  5 rime drakes
  8 komodo dragons
  3 efreet (D:12)
  A redback zombie (D:15)
  9 merfolk (Shoals:1)
  3 meliai (D:13)
  15 polar bears
  4 trolls
  9 hornets
  A meliai (shapeshifter) (D:12)
  3 tyrant leeches (Lair:6)
  Prince Ribbit (D:7)
  17 slime creatures
  A snapping turtle (Shoals:1)
  2 two-headed ogres
  10 blink frogs
  A dream sheep (D:10)
  Sigmund (D:5)
  11 hippogriffs
  2 shadows
  The ghost of Gruud the Chucker, an amateur OgHu (D:3)
  A spriggan (D:7)
  5 wyverns
  55 yaks
  5 water elementals (Shoals:1)
  6 wraiths
  3 basilisks
  8 vampire mosquitoes
  2 hungry ghosts
  3 steam dragons
  4 nagas (Lair:2)
  5 wargs
  2 soldier ants (D:13)
  3 mottled dragons
  6 water moccasins
  6 porcupines
  5 ice beasts
  11 black bears
  4 swamp drakes (Lair:6)
  45 orc warriors
  An eye of draining (D:15)
  6 phantoms
  2 necrophages
  4 sky beasts
  32 wolves
  5 boggarts (D:15)
  9 crocodiles
  28 centaurs
  10 ogres
  5 big kobolds
  13 bullfrogs
  A wyvern zombie (D:14)
  2 gnoll sergeants
  10 scorpions
  4 killer bees (D:12)
  3 electric eels
  9 wights (D:11)
  5 crimson imps
  2 bullfrog zombies
  13 jellies
  3 centaur zombies
  14 hounds
  A gnoll shaman (D:7)
  20 orc priests
  A bullfrog skeleton (D:4)
  7 iguanas
  25 orc wizards
  A hell rat (Lair:5)
  18 worker ants
  2 hound skeletons
  A worker ant zombie (D:6)
  21 gnolls
  17 adders
  A howler monkey skeleton (D:4)
  4 river rats (Sewer)
  2 shadow imps
  12 oozes
  2 adder skeletons (D:8)
  An adder zombie (D:7)
  A worm (D:2)
  4 dart slugs
  10 leopard geckos
  117 orcs
  3 ball pythons (Sewer)
  5 giant cockroaches
  2 hobgoblins
  6 jackals
  4 quokkas
  8 bats
  3 frilled lizards
  8 goblins
  21 kobolds
  A leopard gecko skeleton (D:4)
  A quokka skeleton (D:6)
  A quokka zombie (D:8)
  25 rats
  2 plants (Lair:6)
946 creatures vanquished.

Vanquished Creatures (others)
  A skeletal warrior (D:15)
  2 wolves
  An orc (D:15)
  8 fungi
  10 plants
22 creatures vanquished.

Grand Total: 968 creatures vanquished

Notes
Turn   | Place    | Note
-------+----------+-------------------------------------------
     0 | D:1      | dobroeutro the Demonspawn Gladiator began the quest for the Orb.
     0 | D:1      | Reached XP level 1. HP: 16/16 MP: 1/1
    82 | D:1      | Gained mutation: You are partially covered in sharp spines. [demonic ancestry]
    82 | D:1      | Reached XP level 2. HP: 19/22 MP: 2/2
   166 | D:1      | Reached skill level 3 in Staves
   168 | D:1      | Reached skill level 1 in Armour
   649 | D:2      | Reached XP level 3. HP: 11/28 MP: 3/3
  1678 | D:3      | Reached XP level 4. HP: 34/34 MP: 4/4
  1753 | D:3      | Noticed Gruud's ghost (amateur OgHu)
  1774 | D:3      | Killed Gruud's ghost
  1774 | D:3      | Gained mutation: You have sharp fingernails. [demonic ancestry]
  1774 | D:3      | Reached XP level 5. HP: 31/41 MP: 5/5
  2117 | D:3      | Gained mutation: You are mostly covered in sharp spines. [demonic ancestry]
  2117 | D:3      | Reached XP level 6. HP: 44/47 MP: 6/6
  2520 | D:4      | Reached skill level 4 in Staves
  2924 | D:4      | Reached XP level 7. HP: 36/54 MP: 7/7
  3720 | D:5      | Entered Level 5 of the Dungeon
  3720 | D:5      | Noticed Sigmund
  3739 | D:5      | Killed Sigmund
  3739 | D:5      | Reached skill level 5 in Fighting
  3839 | D:5      | Found a glowing drain.
  3847 | Sewer    | Entered a sewer
  3867 | Sewer    | Reached skill level 5 in Dodging
  3886 | Sewer    | Gained mutation: Your movements are slightly less encumbered by armour. (ER -2) [demonic ancestry]
  3886 | Sewer    | Reached XP level 8. HP: 52/62 MP: 8/8
  3893 | Sewer    | Reached skill level 5 in Staves
  4421 | D:5      | Gained mutation: You are weak. (Str -2) [mutagenic meat]
  4422 | D:5      | Gained mutation: Your natural rate of healing is unusually fast. [mutagenic meat]
  4423 | D:5      | Lost mutation: You are weak. (Str -2) [mutagenic meat]
  4424 | D:5      | Gained mutation: You tend to lose your temper in combat. [mutagenic meat]
  4425 | D:5      | Gained mutation: Your flesh is cold resistant. (rC+) [mutagenic meat]
  4426 | D:5      | Gained mutation: You are covered in fur. (AC +1) [mutagenic meat]
  5147 | D:6      | Reached skill level 5 in Armour
  5248 | D:6      | Gained mutation: Your movements are less encumbered by armour. (ER -4) [demonic ancestry]
  5248 | D:6      | Reached XP level 9. HP: 38/69 MP: 9/9
  5336 | D:6      | Reached skill level 6 in Staves
  5779 | D:7      | Noticed Prince Ribbit
  5828 | D:7      | Noticed varam's ghost (novice TrMo)
  5978 | D:7      | Killed Prince Ribbit
  6326 | D:7      | Found a staircase to the Ecumenical Temple.
  6340 | Temple   | Entered the Ecumenical Temple
  6616 | D:7      | Found a glowing golden altar of the Shining One.
  6872 | D:8      | Found an opulent altar of Gozag.
  6872 | D:8      | Found a sparkling altar of Nemelex Xobeh.
  6872 | D:8      | Found a sacrificial altar of Ru.
  6872 | D:8      | Found an ancient bone altar of Kikubaaqudgha.
  6872 | D:8      | Found a hazy altar of Hepliaklqana.
  6873 | D:8      | Found a blossoming altar of Fedhas.
  6991 | D:8      | Found a basalt altar of Yredelemnul.
  7010 | D:8      | Reached skill level 7 in Staves
  7177 | D:8      | Found a shimmering altar of Xom.
  7178 | D:8      | Found an iron altar of Okawaru.
  7178 | D:8      | Found a burning altar of Makhleb.
  7186 | D:8      | Became a worshipper of Warmaster Okawaru
  7226 | D:8      | Gained mutation: Your movements are significantly less encumbered by armour. (ER -6) [demonic ancestry]
  7226 | D:8      | Reached XP level 10. HP: 79/79 MP: 10/10
  7875 | D:9      | Found a deep blue altar of Sif Muna.
  8106 | D:9      | Noticed Gastronok
  8139 | D:9      | Killed Gastronok
  8139 | D:9      | Reached * piety under Okawaru
  8139 | D:9      | Reached ** piety under Okawaru
  8139 | D:9      | Reached *** piety under Okawaru
  8139 | D:9      | Reached skill level 8 in Staves
  8186 | D:9      | Found a staircase to the Lair.
  8377 | D:9      | Noticed a spiny frog
  8388 | D:9      | Killed a spiny frog
  8582 | D:10     | Entered Level 10 of the Dungeon
  8593 | D:10     | Found a shadowy altar of Dithmenos.
  8783 | D:10     | Found a huge runed gate.
  8783 | D:10     | Found a huge runed gate.
  8783 | D:10     | Found a huge runed gate.
  8783 | D:10     | Found a huge runed gate.
  9148 | D:10     | Noticed Maurice
  9203 | D:10     | Killed Maurice
  9203 | D:10     | Reached **** piety under Okawaru
  9203 | D:10     | Gained mutation: Your flesh is heat resistant. (rF+) [demonic ancestry]
  9203 | D:10     | Reached XP level 11. HP: 87/87 MP: 11/11
  9363 | D:11     | Noticed Harold
  9442 | D:11     | Reached skill level 9 in Staves
  9765 | D:11     | Killed Harold
  9819 | D:11     | Got a slimy plate armour
  9831 | D:11     | Identified the +5 plate armour of the Cooper {MR+} (You found it on level 11 of the Dungeon)
 10103 | D:11     | Noticed a hill giant
 10109 | D:11     | Killed a hill giant
 10171 | D:11     | Noticed a hill giant
 10187 | D:11     | Killed a hill giant
 10338 | D:11     | Reached ***** piety under Okawaru
 10338 | D:11     | Received a gift from Okawaru
 10338 | D:11     | Reached skill level 10 in Staves
 10824 | D:12     | Noticed Rupert
 10883 | D:12     | Noticed Josephine
 10889 | D:11     | Gained mutation: You have very sharp fingernails. [demonic ancestry]
 10889 | D:11     | Reached XP level 12. HP: 65/96 MP: 12/12
 10940 | D:11     | Killed Josephine
 11029 | D:12     | Noticed Urug
 11050 | D:12     | Killed Urug
 11050 | D:12     | Reached skill level 11 in Staves
 11095 | D:12     | Found a staircase to the Orcish Mines.
 11223 | D:12     | Reached ****** piety under Okawaru
 11281 | D:12     | Reached skill level 10 in Fighting
 11460 | D:12     | Received a gift from Okawaru
 11770 | D:12     | Noticed a six-headed hydra
 11777 | D:12     | Reached skill level 10 in Dodging
 11790 | D:12     | Killed a 12-headed hydra
 11790 | D:12     | Reached skill level 12 in Staves
 12050 | Lair:1   | Entered Level 1 of the Lair of Beasts
 12445 | Lair:1   | Reached XP level 13. HP: 100/104 MP: 13/13
 12897 | Lair:2   | Found a staircase to the Snake Pit.
 13098 | Lair:2   | Found a staircase to the Shoals.
 13216 | Lair:2   | Received a gift from Okawaru
 13617 | Lair:3   | Reached skill level 10 in Armour
 13649 | Lair:3   | Found a frozen archway.
 13679 | IceCv    | Entered an ice cave
 13850 | IceCv    | Reached skill level 13 in Staves
 13912 | IceCv    | Received a gift from Okawaru
 13913 | IceCv    | Got a shimmering executioner's axe {god gift}
 13921 | IceCv    | Identified the +1 executioner's axe "Onetz" {distort, Int+4} (Okawaru gifted it to you in an ice cave)
 14037 | IceCv    | Noticed a frost giant
 14070 | IceCv    | Killed a frost giant
 15174 | Lair:5   | Received a gift from Okawaru
 15174 | Lair:5   | Gained mutation: You are immune to clouds of flame. [demonic ancestry]
 15174 | Lair:5   | Reached XP level 14. HP: 113/113 MP: 14/14
 15199 | Lair:5   | Found a staircase to the Slime Pits.
 15199 | Lair:5   | Found a viscous altar of Jiyva.
 16070 | Lair:6   | Entered Level 6 of the Lair of Beasts
 16273 | Lair:6   | Reached skill level 14 in Staves
 17051 | Lair:6   | Found a runed door.
 17187 | Lair:6   | Paralysed by a hornet for 2 turns
 17193 | Lair:6   | Paralysed by a hornet for 3 turns
 17279 | Lair:6   | Received a gift from Okawaru
 17761 | D:13     | Gained mutation: You are completely covered in sharp spines. [demonic ancestry]
 17761 | D:13     | Reached XP level 15. HP: 104/121 MP: 15/15
 18471 | D:14     | Reached skill level 15 in Staves
 18510 | D:14     | Found a gate to the Vaults.
 18689 | D:14     | Found an opulent altar of Gozag.
 18692 | D:14     | Received a gift from Okawaru
 18918 | D:14     | Found Toyrgh's Assorted Antiques.
 18960 | D:14     | Bought a scroll of identify for 62 gold pieces
 18961 | D:14     | Bought a triangular steel amulet for 155 gold pieces
 18961 | D:14     | Bought a dark potion for 27 gold pieces
 19119 | D:14     | Noticed Agnes
 19126 | D:14     | Killed Agnes
 19373 | D:15     | Entered Level 15 of the Dungeon
 19730 | D:15     | Found a staircase to the Depths.
 20299 | Orc:1    | Entered Level 1 of the Orcish Mines
 20436 | Orc:1    | Noticed Nergalle
 20455 | Orc:1    | Killed Nergalle
 20765 | Orc:2    | Entered Level 2 of the Orcish Mines
 21037 | Orc:2    | Found Jidghad's Distillery.
 21037 | Orc:2    | Found Oneutaf's Magic Scroll Emporium.
 21040 | Orc:2    | Found Gaddavecuj's Antique Armour Shoppe.
 21049 | Orc:2    | Found Enaett's Antique Weapon Shop.
 21291 | Orc:2    | Noticed an orc warlord
 21300 | Orc:2    | Received a gift from Okawaru
 21314 | Orc:2    | Killed an orc warlord
 21320 | Orc:2    | Found a staircase to the Elven Halls.
 21742 | Orc:2    | Bought a potion of heal wounds for 80 gold pieces
 21742 | Orc:2    | Bought a potion of experience for 800 gold pieces
 21742 | Orc:2    | Bought a potion of resistance for 160 gold pieces
 21742 | Orc:2    | Bought a potion of heal wounds for 80 gold pieces
 21747 | Orc:2    | Bought a scroll of acquirement for 936 gold pieces
 21747 | Orc:2    | Bought a scroll of enchant armour for 135 gold pieces
 21749 | Orc:2    | Bought a pair of embroidered gloves for 367 gold pieces
 21790 | Orc:2    | Bought a scroll of identify for 36 gold pieces
 21821 | Orc:2    | Reached skill level 16 in Staves
 21821 | Orc:2    | Gained mutation: You have claws for hands. [demonic ancestry]
 21821 | Orc:2    | Reached XP level 16. HP: 131/131 MP: 16/16
 21901 | D:12     | Killed Rupert
 21901 | D:12     | Reached XP level 17. HP: 137/137 MP: 17/17
 22024 | Shoals:1 | Entered Level 1 of the Shoals
 22670 | Shoals:1 | Drowned by a drowned soul

Vault maps used:
D:1:      dpeg_arrival_chase
D:3:      minmay_misc_feat_cross
D:4:      dk_vineyard_1
D:5:      first_bread, lightli_sewer_entry_pipes, uniq_sigmund
D:7:      tso_metal_star, the_bakery, grunt_ministairs_11, uniq_prince_ribbit1
D:8:      minitemple, kennysheep_mini_moat, grunt_temple_overflow_open,
          special_room
D:9:      lair_0_dummy, basic_altar, uniq_gastronok
D:10:     lemuel_bear_cage, basic_altar, nicolae_lava_and_water, uniq_maurice
D:11:     lemuel_slime, disabler_island, uniq_harold
D:12:     minmay_triangles_in_corner, minmay_orc_entry_guard_dogs,
          uniq_josephine, uniq_urug, uniq_rupert
D:13:     grunt_decor_resistance, minmay_bent
D:14:     erik_vaults_1, nicolae_gozag_cash_rules_everything_around_me,
          serial_shops, nicolae_shop_overgrown_old_shop, minmay_lindwurm_lava,
          uniq_agnes
D:15:     grunt_enter_depths_hoard, hangedman_abyss_or_decor_slice, st_stairs_12
Temple:   zaba_magenta_temple
Lair:2:   minmay_shoals_entry_beasts, guppyfry_snake_entry_island,
          grunt_megastairs_2
Lair:3:   portal_ice_cave_rime, serial_bayou_shore_b
Lair:5:   slime_altar_1, lemuel_fruit_tree, grunt_megastairs_4,
          lemuel_fruit_fields
Lair:6:   wormcave, guppyfry_lair_end_dragon, lemuel_fruit_fields
Orc:1:    abandoned_shop, uniq_nergalle
Orc:2:    st_orc_rangers
Sewer:    sewer_minmay_treatment
IceCv:    ice_cave_caverns_03

Skill      XL: |  1  2  3  4  5  6  7  8  9 10 11 12 13 14 15 |
---------------+----------------------------------------------+-----
Staves         | 3 4 5 7 8 10 12 13 14 16 | 16.3
Armour         | 1 2 3 5 6 7 8 9 10 11 12 | 12.6
Dodging        | 3 4 5 6 7 8 9 10 11 13 | 13.2
Fighting       | 3 4 5 6 7 8 9 10 11 12 13 | 13.4
Throwing       | |  1.7

Action                   |  1- 3 |  4- 6 |  7- 9 | 10-12 | 13-15 | 16-18 || total
-------------------------+-------+-------+-------+-------+-------+-------++-------
Melee: Quarterstaff      |    70 |    98 |   405 |   658 |    87 |       ||  1318
       Lajatang          |       |       |       |   104 |  1241 |   146 ||  1491
Invok: Heroism           |       |       |       |     5 |     4 |       ||     9
 Abil: Evoke Flight      |       |       |       |       |     2 |       ||     2
  Use: Potion            |     1 |       |       |       |     8 |     1 ||    10
       Scroll            |       |     3 |    10 |     7 |    17 |     2 ||    39
 Stab: Sleeping          |     1 |       |       |       |       |       ||     1
  Eat: Chunk             |     2 |     4 |    21 |    13 |    21 |       ||    61
       Royal jelly       |       |       |       |     2 |     2 |       ||     4
       Meat ration       |       |       |       |       |     1 |     1 ||     2
       Beef jerky        |       |       |       |       |     3 |       ||     3
Armor: Leather armour    |    13 |     2 |       |       |       |       ||    15
       Skin              |    22 |       |       |       |       |       ||    22
       Ring mail         |       |    26 |    31 |       |       |       ||    57
       Chain mail        |       |       |    97 |   101 |       |       ||   198
       Plate armour      |       |       |       |   276 |   760 |    75 ||  1111
Dodge: Dodged            |    52 |    60 |   224 |   411 |  1161 |   129 ||  2037
Block: Other             |       |       |       |       |    71 |     2 ||    73
       Reflection        |       |       |       |       |    10 |     1 ||    11
